 Dungeon Crawl Stone Soup version 0.22-b1-59-g0aedee7 (webtiles) character file.

84 Doobh the Bolt Thrower (level 4, 0/27 HPs)
             Began as a Kobold Hunter on Aug 10, 2018.
             Slain by an adder (2 damage)
             ... on level 1 of the Dungeon.
             The game lasted 00:05:33 (1936 turns).

Doobh the Bolt Thrower (Kobold Hunter)              Turns: 1936, Time: 00:05:34

Health: 0/27       AC:  3    Str:  9    XL:     4   Next: 72%
Magic:  4/4        EV: 16    Int: 12    God:
Gold:   33         SH:  0    Dex: 16    Spells: 3/3 levels left

rFire    . . .     SeeInvis .   b - +0 short sword
rCold    . . .     Gourm    .   (shield restricted)
rNeg     . . .     Faith    .   m - +0 robe
rPois    .         Spirit   .   (no helmet)
rElec    .         Reflect  .   e - +0 cloak
rCorr    .         Harm     .   (no gloves)
MR       .....                  (no boots)
Stlth    ++........             (no amulet)
HPRegen  0.09/turn              (no ring)
MPRegen  0.09/turn              (no ring)

@: lethally poisoned (0 -> -8)
A: small, carnivore
a: no special abilities


You were on level 1 of the Dungeon.
You were very full.

You visited 1 branch of the dungeon, and saw 2 of its levels.

You collected 33 gold pieces.

Inventory:

Hand Weapons
 a - a +1 hand crossbow
 b - a +0 short sword (weapon)
Missiles
 j - 59 stones (quivered)
Armour
 e - a +0 cloak (worn)
 m - a +0 robe (worn)
Scrolls
 h - a scroll of amnesia
Potions
 c - a potion of lignification {unknown}
 i - a potion of curing {unknown}
Comestibles
 f - 4 rations
 n - 4 chunks of flesh


   Skills:
 + Level 2.8 Fighting
 + Level 1.8 Short Blades
 * Level 5.6 Crossbows
 + Level 3.2 Dodging
 + Level 2.4 Stealth


You had 3 spell levels left.
You didn't know any spells.
Your spell library was empty.

Dungeon Overview and Level Annotations

Branches:
Dungeon (2/15)

Altars:
Ru
The Shining One


Innate Abilities, Weirdness & Mutations

You are small and have problems with some larger weapons.
You are carnivorous and can eat meat at any time.


Message History

Wield which item (- for none, * to show all)? (? for menu, Esc to quit)
b - a +0 short sword (weapon)
You miss the adder.
The adder is heavily wounded.
* * * LOW HITPOINT WARNING * * *
You feel sick.
The adder's inner flame fades away.
The adder misses you. The adder barely misses you.
You miss the adder.
The adder is heavily wounded.
* * * LOW HITPOINT WARNING * * *
You feel sick. The adder misses you.
You barely miss the adder.
The adder is heavily wounded.
* * * LOW HITPOINT WARNING * * *
You feel sick. The adder misses you.
You barely miss the adder.
The adder is heavily wounded.
* * * LOW HITPOINT WARNING * * *
You feel sick. The adder bites you.
You die...

.....#.....#.#..................#
#....#.....#.#.......##########.#
#...##.##..>..................#.#
#..##..##............########.#.#
'###....................#...#.#.#
#........(.......######.#.....#.#
#................# #.###.###.#
#................#### #.........#
....#.....#.....@...#######.#####
.####.....#......S...............
..........#.........#######.#####
#####.....#........(# #.#....
#.....#.........#######.#.###
#.....#.........#.....#.#.# #
#.....#.........#.###.#.#.# #
#.....#.........#.#.#.#.#.###
#...............#.#.#.#......


You could see an adder.

Vanquished Creatures
  An orc wizard (D:2)
  An adder (D:2)
  A worm (D:2)
  3 dart slugs
  3 bats (D:1)
  A giant cockroach (D:2)
  4 goblins
  6 hobgoblins
  4 jackals (D:2)
  A quokka (D:2)
  A kobold (D:1)
  10 rats
36 creatures vanquished.

Notes
Turn   | Place    | Note
-------+----------+-------------------------------------------
     0 | D:1      | Doobh the Kobold Hunter began the quest for the Orb.
     0 | D:1      | Reached XP level 1. HP: 12/12 MP: 1/1
   175 | D:1      | Reached skill level 5 in Crossbows
   197 | D:1      | Reached XP level 2. HP: 5/18 MP: 2/2
   578 | D:1      | Reached skill level 1 in Short Blades
   692 | D:1      | Reached XP level 3. HP: 22/22 MP: 3/3
  1129 | D:1      | Found a glowing golden altar of the Shining One.
  1580 | D:2      | Found a sacrificial altar of Ru.
  1601 | D:2      | Reached XP level 4. HP: 9/27 MP: 4/4
  1936 | D:1      | Slain by an adder

Skill      XL: |  1  2  3 |
---------------+----------+-----
Crossbows      | 5 |  5.6
Short Blades   | 1 |  1.8
Stealth        | 2 |  2.4
Dodging        | 3 |  3.2
Fighting       | |  2.8

Action                   |  1- 3 |  4- 6 || total
-------------------------+-------+-------++-------
Melee: Short sword       |    47 |    16 ||    63
 Fire: Hand crossbow     |    40 |    13 ||    53
Throw: Stone             |       |     4 ||     4
  Use: Scroll            |     2 |     3 ||     5
       Potion            |       |     1 ||     1
 Stab: Sleeping          |     1 |     1 ||     2
  Eat: Chunk             |     9 |     2 ||    11
Armor: Robe              |     5 |     7 ||    12
Dodge: Dodged            |    54 |    59 ||   113
